 Dungeon Crawl Stone Soup version 0.26.1-11-gd32895ea62 (webtiles) character file.

Game seed: 17711377572110992616

2794842 Amplified the Invulnerable (level 27, 272/298 HPs)
             Began as a Minotaur Earth Elementalist on June 21, 2021.
             Was an Initiate of Gozag.
             Escaped with the Orb
             ... and 5 runes on June 24, 2021!
             The game lasted 02:19:19 (87189 turns).

Amplified the Invulnerable (MiEE)                  Turns: 87189, Time: 02:19:19

Health: 272/298    AC: 34    Str: 23    XL:     27
Magic:  31/33      EV: 34    Int: 10    God:    Gozag
Gold:   9984       SH: 12    Dex: 31    Spells: 18/28 levels left

rFire    + + +     SeeInvis +   c - +8 mithril axe "Arga" {speed, Will+}
rCold    . . .     Faith    .   x - +3 buckler of Articulation {rPois}
rNeg     + + +     Spirit   .   j - +3 chain mail of Broken Taboos {rElec rF++ Will+}
rPois    +         Reflect  .   n - +0 hat of Courage {Slay+3}
rElec    +         Harm     .   N - +2 cloak of Disappointment {+Inv +Fly Will++ Int-2}
rCorr    .         Rampage  .   I - +2 pair of gloves "Rinong" {rF- rN++ Dex+3}
Will     +++++     Clarity  +   b - +2 pair of boots
Stlth    ..........             P - amulet "Xaewator" {Acrobat Fragile Dex+8 SInv}
HPRegen  0.59/turn              m - ring of the Distant Future {*Drain rElec rC+ Dex+6}
MPRegen  0.23/turn              X - ring of Divine Intervention {rF++ rC- rN+ MP+9}

@: no status effects
A: retaliatory headbutt, claws 1, hooves 1, horns 2, clarity, robust 1, shaggy
fur 1
0: Orb of Zot
}: 5/15 runes: decaying, slimy, silver, abyssal, gossamer
a: Renounce Religion, Evoke Invisibility, Evoke Flight, Potion Petition, Call
Merchant, Bribe Branch


You escaped.
You worshipped Gozag.
Gozag was greatly pleased with you.
You visited 11 branches of the dungeon, and saw 57 of its levels.
You visited the Abyss 1 time.
You visited 1 bazaar.
You visited 1 ziggurat, and saw 10 of its levels.
You also visited: Trove, Bailey and Wizlab.

You collected 37404 gold pieces.
You spent 11345 gold pieces at shops.
You paid 16075 gold pieces to Gozag.

Inventory:

Hand Weapons
 c - the +8 mithril axe "Arga" (weapon) {speed, Will+}
   (You found it in a treasure trove)

   Attacks with this weapon are significantly faster.
   It affects your willpower, your defense against some magical effects.
 o - a +9 broad axe of freezing
Missiles
 D - 124 stones (quivered)
Armour
 b - a +2 pair of boots (worn)
 i - the +8 scale mail "Bout" {rF+}
   (You bought it in a shop on level 1 of the Lair of Beasts)

   It protects you from fire.
 j - the +3 chain mail of Broken Taboos (worn) {rElec rF++ Will+}
   (You found it on level 2 of the Vaults)

   It greatly protects you from fire.
   It insulates you from electricity.
   It affects your willpower, your defense against some magical effects.
 n - the +0 hat of Courage (worn) {Slay+3}
   (You acquired it on level 2 of the Vaults)

   It affects your accuracy and damage with ranged weapons and melee attacks
   (+3).
 x - the +3 buckler of Articulation (worn) {rPois}
   (You bought it in a shop on level 2 of the Orcish Mines)

   It protects you from poison.
 I - the +2 pair of gloves "Rinong" (worn) {rF- rN++ Dex+3}
   (You found it on level 3 of the Elven Halls)

   It affects your dexterity (+3).
   It makes you vulnerable to fire.
   It greatly protects you from negative energy.
 N - the +2 cloak of Disappointment (worn) {+Inv +Fly Will++ Int-2}
   (You bought it in a shop on level 15 of the Dungeon)

   It affects your intelligence (-2).
   It affects your willpower, your defense against some magical effects.
   It lets you turn invisible.
   It lets you fly.
Jewellery
 m - the ring of the Distant Future (left hand) {*Drain rElec rC+ Dex+6}
   (You bought it in a shop on level 3 of the Elven Halls)

   [ring of dexterity]

   It affects your dexterity (+6).
   It protects you from cold.
   It insulates you from electricity.
   It causes draining when unequipped.
 t - the ring "Zyofonap" {rC+ Int+4 SInv}
   (You bought it in a shop on level 1 of the Lair of Beasts)

   [ring of protection from cold]

   It affects your intelligence (+4).
   It protects you from cold.
   It lets you see invisible.
 A - the ring "Yxujeit" {rPois Dex+6}
   (You took it off a draconian scorcher on level 5 of the Realm of Zot)

   [ring of dexterity]

   It affects your dexterity (+6).
   It protects you from poison.
 H - the ring of Zicsaakk {+Blink rPois rN+++ Will- Dex+4}
   (You bought it in a shop on level 3 of the Elven Halls)

   [ring of poison resistance]

   It affects your dexterity (+4).
   It protects you from poison.
   It renders you almost immune to negative energy.
   It affects your willpower, your defense against some magical effects.
   It lets you blink.
 M - an uncursed ring of protection from fire
 P - the amulet "Xaewator" (around neck) {Acrobat Fragile Dex+8 SInv}
   (You took it off a deep elf sorcerer on level 3 of the Elven Halls)

   [amulet of the acrobat]

   It helps you evade while moving and waiting.
   It affects your dexterity (+8).
   It lets you see invisible.
   It will be destroyed if unequipped.
 R - an uncursed ring of resist corrosion
 S - the ring "Ufiannau" {Wiz +Fly rC+ Str+2}
   (You found it on level 2 of the Elven Halls)

   [ring of wizardry]

   It improves your spell success rate.
   It affects your strength (+2).
   It protects you from cold.
   It lets you fly.
 X - the ring of Divine Intervention (right hand) {rF++ rC- rN+ MP+9}
   (You bought it in a shop on level 3 of the Elven Halls)

   [ring of magical power]

   It greatly protects you from fire.
   It makes you vulnerable to cold.
   It protects you from negative energy.
   It affects your magic capacity (+9).
Wands
 a - a wand of acid (31)
 p - a wand of iceblast (57)
 u - a wand of disintegration (44)
 C - a wand of enslavement (4)
 E - a wand of paralysis (52)
 K - a wand of digging (9)
Scrolls
 f - 2 scrolls of enchant weapon
 h - 6 scrolls of magic mapping
 s - a scroll of brand weapon
 w - 38 scrolls of remove curse
 y - 9 scrolls of identify
 B - 2 scrolls of amnesia
 L - 3 scrolls of summoning
 O - 24 scrolls of teleportation
 T - 5 scrolls of fog
 U - 2 scrolls of holy word
 Z - 2 scrolls of fear
Potions
 d - 5 potions of magic
 e - 10 potions of brilliance
 g - 5 potions of resistance
 k - 4 potions of mutation
 l - 23 potions of curing
 q - 10 potions of attraction
 r - 6 potions of ambrosia
 v - 2 potions of heal wounds
 J - 3 potions of cancellation
 V - 3 potions of flight
Miscellaneous
 F - a condenser vane
 G - a phantom mirror


   Skills:
 - Level 26.9 Fighting
 - Level 20.2(20.3) Axes
 - Level 2.8(14.0) Maces & Flails
 O Level 27 Armour
 * Level 26.7 Dodging
 - Level 1.5 Stealth
 - Level 9.3 Shields
 - Level 1.3 Spellcasting
 - Level 16.9 Summonings
 - Level 0.7 Transmutations
 - Level 14.0 Earth Magic


You had 18 spell levels left.
You knew the following spells:

 Your Spells              Type           Power        Failure   Level
a - Sandblast             Erth           56%          1%          1
b - Passwall              Tmut/Erth      12%          6%          2
c - Apportation           Tloc           0%           63%         1
d - Shadow Creatures      Summ           N/A          12%         6

Your spell library contained the following spells:

 Spells                   Type           Power        Failure   Level
 Summon Small Mammal      Summ           100%         1%          1
 Call Imp                 Summ           34%          1%          2
 Call Canine Familiar     Summ           34%          1%          3
 Summon Demon             Summ           17%          2%          5
 Lee's Rapid Deconstruct  Erth           14%          7%          5
 Summon Guardian Golem    Hex/Summ       17%          8%          3
 Stone Arrow              Conj/Erth      28%          14%         3
 Summon Ice Beast         Ice/Summ       17%          24%         4
 Summon Lightning Spire   Summ/Air       17%          24%         4
 Petrify                  Tmut/Erth      15%          36%         4
 Leda's Liquefaction      Hex/Erth       7%           41%         4
 Beastly Appendage        Tmut           4%           52%         1
 Monstrous Menagerie      Summ           17%          54%         7
 Summon Greater Demon     Summ           17%          54%         7
 Summon Hydra             Summ           17%          54%         7
 Sting                    Tmut/Pois      4%           56%         1
 Summon Forest            Summ/Tloc      8%           56%         5
 Summon Mana Viper        Hex/Summ       17%          56%         5
 Animate Skeleton         Necr           0%           63%         1
 Corona                   Hex            0%           63%         1
 Foxfire                  Conj/Fire      0%           63%         1
 Freeze                   Ice            0%           63%         1
 Magic Dart               Conj           0%           63%         1
 Pain                     Necr           0%           63%         1
 Shock                    Conj/Air       0%           63%         1
 Wereblood                Tmut           2%           67%         2
 Blink                    Tloc           N/A          77%         2
 Corpse Rot               Necr/Air       N/A          77%         2
 Ensorcelled Hibernation  Hex/Ice        0%           77%         2
 Poisonous Vapours        Pois/Air       0%           77%         2
 Slow                     Hex            0%           77%         2
 Sublimation of Blood     Necr           0%           77%         2
 Swiftness                Air            0%           77%         2
 Borgnjor's Vile Clutch   Necr/Erth      7%           77%         5
 Ignite Poison            Fire/Tmut/Pois 1%           91%         3
 Spider Form              Tmut/Pois      0%           91%         3
 Confusing Touch          Hex            0%           94%         3
 Conjure Flame            Conj/Fire      0%           94%         3
 Dazzling Flash           Conj/Hex       0%           94%         3
 Frozen Ramparts          Ice            0%           94%         3
 Gell's Gravitas          Tloc           0%           94%         3
 Inner Flame              Hex/Fire       0%           94%         3
 Lesser Beckoning         Tloc           0%           94%         3
 Mephitic Cloud           Conj/Pois/Air  0%           94%         3
 Ozocubu's Armour         Ice            0%           94%         3
 Portal Projectile        Hex/Tloc       0%           94%         3
 Static Discharge         Conj/Air       0%           94%         3
 Tukima's Dance           Hex            0%           94%         3
 Vampiric Draining        Necr           0%           94%         3
 Bolt of Magma            Conj/Fire/Erth 5%           97%         5
 Statue Form              Tmut/Erth      10%          99%         6
 Summon Horrible Things   Summ           17%          99%         8
 Airstrike                Air            0%           100%        4
 Animate Dead             Necr           0%           100%        4
 Cause Fear               Hex            0%           100%        4
 Hailstorm                Conj/Ice       0%           100%        4
 Ice Form                 Ice/Tmut       1%           100%        4
 Iskenderun's Mystic Bla  Conj/Tloc      0%           100%        4
 Olgreb's Toxic Radiance  Pois           0%           100%        4
 Passage of Golubria      Tloc           N/A          100%        4
 Sticky Flame             Conj/Fire      0%           100%        4
 Agony                    Necr           0%           100%        5
 Alistair's Intoxication  Tmut/Pois      0%           100%        5
 Blade Hands              Tmut           1%           100%        5
 Excruciating Wounds      Necr           0%           100%        5
 Fireball                 Conj/Fire      0%           100%        5
 Irradiate                Conj/Tmut      0%           100%        5
 Iskenderun's Battlesphe  Conj           0%           100%        5
 Lightning Bolt           Conj/Air       0%           100%        5
 Metabolic Englaciation   Hex/Ice        0%           100%        5
 Silence                  Hex/Air        0%           100%        5
 Yara's Violent Unravell  Hex/Tmut       0%           100%        5
 Conjure Ball Lightning   Conj/Air       0%           100%        6
 Death Channel            Necr           0%           100%        6
 Eringya's Noxious Bog    Tmut/Pois      0%           100%        6
 Freezing Cloud           Conj/Ice/Air   0%           100%        6
 Hydra Form               Tmut           1%           100%        6
 Invisibility             Hex            0%           100%        6
 Iron Shot                Conj/Erth      7%           100%        6
 Ozocubu's Refrigeration  Ice            0%           100%        6
 Simulacrum               Ice/Necr       0%           100%        6
 Starburst                Conj/Fire      0%           100%        6
 Dragon Form              Tmut           1%           100%        7
 Malign Gateway           Summ/Tloc      8%           100%        7
 Discord                  Hex            0%           100%        8
 Ignition                 Fire           0%           100%        8
 Dragon's Call            Summ           17%          100%        9
 Shatter                  Erth           14%          100%        9
 Tornado                  Air            0%           100%        9


Dungeon Overview and Level Annotations

Branches:
Dungeon (15/15)            Temple (0/1) D:4            Lair (6/6) D:11
  Swamp (4/4) Lair:2       Spider (4/4) Lair:4        Slime (5/5) Lair:5
    Orc (2/2) D:12            Elf (3/3) Orc:2        Vaults (5/5) D:14
  Crypt (3/3) Vaults:3       Tomb (0/3) Crypt:3      Depths (5/5) D:15
    Zot (5/5) Depths:5     Bailey (visited)          WizLab (visited)

Altars:
Ashenzari
Cheibriados
Fedhas
Gozag
Makhleb
Nemelex Xobeh
Okawaru
Sif Muna
Trog
Uskayaw
Vehumet
Wu Jian
Xom
Yredelemnul
Zin
The Shining One
Beogh
Jiyva
Lugonu

Shops:
D:4 (   D:9 ?   D:10 }   D:12 }   D:14 *   D:15 [   Orc:2 =[[(   Elf:1 ?
Elf:3 ==[   Lair:1 [=   Swamp:2 [   Vaults:1 ?   Vaults:2 (   Vaults:3 [

Portals:
Hell: Depths:1 Depths:2 Depths:3 Depths:4 Depths:5
Abyss: Depths:3 Depths:4 Depths:5
Pandemonium: Depths:2 Depths:3

Annotations:
Lair:5 rCorr it


Innate Abilities, Weirdness & Mutations

You reflexively headbutt those who attack you in melee.
You have a pair of horns on your head.
You have sharp fingernails.
You have large cloven feet.
You possess an exceptional clarity of mind.
You are robust. (+10% HP)
You are covered in fur. (AC +1)


Message History

Really quaff the potion of mutation?
You feel extremely strange.
Your system completely accepts the healing effects of potions.
Your body's shape seems more normal.
Your magical essence no longer links to wands of the dungeon.
You feel agile.
You feel resistant to cold.
Your toenails lengthen and sharpen.
Really quaff the potion of mutation?
You feel extremely strange.
Your talons dull and shrink into feet.
Your vision seems duller.
You feel robust.
You feel the urge to shout.
You feel clever.
Your fingernails lengthen.
Really quaff the potion of mutation?
You feel extremely strange.
Your urge to shout disappears.
You feel frail.
You feel less energetic.
Your feet thicken and deform.
Really quaff the potion of mutation?
You feel extremely strange.
You feel more energetic.
You no longer feel cold resistant.
You feel stupid.
Your thoughts seem clearer.
You feel robust.
You have escaped!

#.# #......# ♣.....♣
##..... #.# #......#
♣.♣♣♣.♣♣ ##..... #.#
#......# ♣.♣P...♣♣ #......
#.# #......#
♣.♣♣....♣♣♣##..... #.#
#......# ♣.♣P.⌠...P♣ #.....
#.# #......# ♣.♣....P♣P♣
#..... #.###......#
♣....♣P♣♣.♣ #.....
#...'......#
♣...♣♣♣♣♣P♣###....
#####......#
♣@.........+.#.... #......#
♣♣♣♣♣♣♣♣♣♣♣#......
#......#################...
#..........................
#......##.#.............###
#......#...................
#......#...................
#......#..#.........#......
#......#."..........#......


There were no monsters in sight!

Vanquished Creatures
  the Royal Jelly (Slime:5)
  5 ancient liches
  An orb of fire (Zot:5)
  Mara (Crypt:1)
  Mennas (Depths:4)
  Bai Suzhen (Depths:1)
  2 Killer Klowns (Zot:5)
  A pandemonium lord (Zig:10)
  Margery (Crypt:3)
  Saint Roka (Vaults:1)
  The ghost of Waig the Intangible, a veteran MfCj of Hepliaklqana (Depths:1)
  A caustic shrike (Depths:3)
  A curse toe (Zot:5)
  the Enchantress (Depths:1)
  11 golden dragons
  4 bone dragons
  The ghost of Ecuzu the Eclecticist, an adept DsIE of Vehumet (Vaults:4)
  3 electric golems
  3 Hell Sentinels
  16 tentacled monstrosities
  Rupert (Lair:4)
  2 Ice Fiends
  10 titans (Vaults:5)
  The ghost of suomimenusko the Severer, an adept NaFi of Cheibriados (Swamp:3)
  21 Orb Guardians (Zot:5)
  7 liches
  3 quicksilver dragons
  2 deep elf master archers (Elf:3)
  2 deep elf blademasters (Elf:3)
  16 acid blobs
  An Executioner (Zig:10)
  Frances (Elf:1)
  3 tentacled starspawn
  5 ancient champions
  6 death cobs
  8 tengu reavers
  Gastronok (Lair:1)
  8 sphinxes
  8 azure jellies
  8 shadow dragons
  11 storm dragons
  Donald (Swamp:2)
  Roxanne (Elf:2)
  8 draconian monks
  The ghost of Yjimoseergh the Spry, an adept SpFE of Dithmenos (Vaults:4)
  3 revenants
  5 fire giants
  5 frost giants
  A nagaraja (Zig:6)
  18 vault wardens
  3 iron dragons
  6 ghost moths
  7 draconian knights
  8 draconian scorchers
  6 emperor scorpions
  9 deep elf sorcerers
  A balrug (Zig:10)
  3 draconian shifters
  4 curse skulls
  4 deep elf elementalists
  8 draconian stormcallers
  27 very ugly things
  11 ghouls
  3 spriggan defenders (Depths:1)
  6 draconian annihilators
  19 ironheart preservers
  4 war gargoyles (Depths:4)
  19 stone giants
  6 vampire knights
  10 deep elf demonologists
  11 green draconians
  2 corrupters (Zig:10)
  2 blood saints (Zig:10)
  4 black draconians
  An entropy weaver (Spider:2)
  A lorocyproca (Depths:3)
  8 deep elf annihilators
  9 white draconians
  17 purple draconians
  4 bunyips
  Nessos (D:12)
  A spark wasp (Spider:2)
  8 red draconians
  4 yellow draconians
  A dire elephant (Lair:6)
  2 eidola
  5 eleionomae
  2 death oozes (Slime:5)
  Josephine (Lair:4)
  2 green deaths
  12 ettins
  Snorg (D:10)
  2 shambling mangroves
  2 deep elf high priests
  9 statues (WizLab)
  6 deep elf death magi
  A blizzard demon (Zig:10)
  A mummy priest (Depths:3)
  9 jiangshi
  9 fire dragons
  The ghost of Amplified the Fighter, a journeyman MiEE of Okawaru (Orc:2)
  15 great orbs of eyes
  7 ghost crabs
  A quicksilver dragon skeleton (Crypt:3)
  39 vault guards
  16 yaktaur captains
  A naga warrior (Zig:6)
  23 hydras
  10 ice dragons
  4 rakshasas
  10 boulder beetles
  An anaconda (Zig:6)
  A catoblepas (shapeshifter) (Depths:4)
  5 spriggan air magi
  14 ogre magi
  A catoblepas (Lair:6)
  13 alligators
  An anaconda (shapeshifter) (Depths:4)
  14 centaur warriors
  43 two-headed ogres
  A death knight (Crypt:2)
  8 deep troll shamans
  A shock serpent (Zig:6)
  A deep troll earth mage (Depths:5)
  11 orc high priests
  5 tengu warriors
  A death yak (shapeshifter) (Depths:4)
  A hell hog (Abyss:1)
  5 death yaks (Lair:6)
  5 thrashing horrors
  A naga sharpshooter (Zig:6)
  The ghost of kalagan the Thaumaturge, a journeyman DECj of Sif Muna (Lair:1)
  10 vampire magi
  5 spriggan berserkers
  19 deep elf knights
  Nergalle (Lair:3)
  19 hell knights
  8 wretched stars
  9 large abominations
  2 shadow wraiths
  A fire crab (shapeshifter) (Depths:4)
  A titan skeleton (Crypt:3)
  A death drake (shapeshifter) (D:15)
  10 soul eaters
  4 sixfirhies
  A spatial maelstrom (Abyss:1)
  2 salamander mystics (Zig:6)
  27 skeletal warriors
  2 torturous demonspawn
  4 goliath frogs
  7 glowing orange brains
  6 spriggan druids
  9 unseen horrors
  23 deep trolls
  12 swamp dragons
  5 wizards
  An anaconda skeleton (Crypt:3)
  2 orange crystal statues
  5 bog bodies
  5 obsidian statues
  A tengu zombie (Vaults:2)
  2 unseen horrors (shapeshifter)
  20 ironbrand convokers
  9 harpies (Vaults:2)
  A golden dragon skeleton (Crypt:3)
  3 flayed ghosts
  10 necromancers
  A wolf spider (shapeshifter) (Vaults:2)
  9 deep elf archers
  A shadow dragon zombie (Vaults:5)
  3 wolf spider zombies
  2 harpies (shapeshifter)
  12 phantasmal warriors
  84 deep elf magi
  A fire giant zombie (Crypt:3)
  4 shining eyes (Slime:5)
  29 wolf spiders
  17 orb spiders
  A shadow dragon skeleton (Crypt:3)
  11 orc knights
  3 orc sorcerers
  A faun (shapeshifter) (Vaults:5)
  A frost giant zombie (Abyss:1)
  4 will-o-the-wisps
  4 salamanders
  10 cyclopes
  4 manticores
  3 shining eyes (shapeshifter)
  25 moths of wrath
  41 ugly things
  A fire giant skeleton (Crypt:2)
  2 frost giant skeletons
  A black mamba (shapeshifter) (Depths:4)
  2 centaur zombies (D:13)
  The ghost of viiviliisa the Covered, a novice MiFi of Wu Jian (D:5)
  Joseph (D:7)
  2 worldbinders
  An apocalypse crab (Abyss:1)
  A stone giant skeleton (Crypt:2)
  2 guardian serpents
  3 rust devils
  20 vault sentinels
  2 black mambas
  2 eyes of devastation
  A molten gargoyle (Depths:4)
  4 elephants (Lair:6)
  2 orange demons
  7 cane toads
  2 torpor snails
  5 gargoyles
  2 kobold demonologists (Depths:3)
  A guardian serpent (shapeshifter) (Vaults:1)
  An alligator snapping turtle zombie (Crypt:2)
  A minotaur zombie (Crypt:3)
  5 centaur skeletons
  5 spectral swamp worms (Depths:3)
  A cane toad (shapeshifter) (Depths:3)
  6 smoke demons
  A rime drake (Lair:5)
  11 komodo dragons
  A hellion (Depths:1)
  A rime drake (shapeshifter) (Vaults:1)
  57 yaktaurs
  11 demonic crawlers
  2 komodo dragons (shapeshifter) (Depths:4)
  4 freezing wraiths
  A human zombie (Vaults:5)
  An efreet (Abyss:1)
  A yaktaur (shapeshifter) (Vaults:1)
  A pale draconian skeleton (Crypt:1)
  8 hellwings
  4 guardian mummies (Crypt:3)
  A queen bee (Abyss:3)
  2 ancient zymes (Abyss:3)
  6 red devils
  The ghost of Pereza0 the Summoner, a novice TeSu (D:6)
  A hydra zombie (Crypt:2)
  11 trolls
  35 jumping spiders
  8 meliai
  A meliai (shapeshifter) (Depths:2)
  2 polar bears
  A wind drake (Depths:4)
  35 hornets
  6 tengu conjurers
  A shadow dragon simulacrum (Crypt:3)
  11 tyrant leeches
  A tengu simulacrum (Depths:1)
  A tyrant leech (shapeshifter) (Depths:4)
  A troll (shapeshifter) (Vaults:1)
  48 slime creatures
  2 ettin zombies
  Grinder (D:6)
  13 blink frogs
  A fire dragon zombie (Depths:1)
  2 slime creatures (shapeshifter)
  7 dream sheep (Lair:4)
  8 raiju
  A snapping turtle (shapeshifter) (Depths:4)
  A boulder beetle zombie (Vaults:2)
  11 flying skulls
  25 tarantellas
  9 air elementals
  A spriggan (shapeshifter) (Vaults:1)
  2 tarantellas (shapeshifter)
  A centaur simulacrum (D:14)
  72 redbacks
  21 shadows
  A fire dragon skeleton (Crypt:3)
  18 spriggans
  6 wyverns
  A yak (shapeshifter) (Vaults:2)
  A ynoxinul (Abyss:1)
  10 wraiths
  17 water elementals
  4 fire bats (D:8)
  36 yaks
  12 small abominations
  A wind drake skeleton (Crypt:2)
  6 fire elementals
  A human simulacrum (Vaults:2)
  A fire bat (shapeshifter) (Elf:3)
  3 steam dragons
  12 golden eyes
  2 basilisks
  4 chaos spawn
  3 neqoxecs (Abyss:2)
  A spatial vortex (Abyss:1)
  15 swamp worms
  13 vampire mosquitoes
  A soldier ant (D:13)
  12 wargs
  A naga (Zig:6)
  An acid dragon (Vaults:1)
  A water moccasin (shapeshifter) (Elf:3)
  11 water moccasins
  A soldier ant (shapeshifter) (Elf:3)
  Duvessa (D:6)
  A deep troll skeleton (Vaults:5)
  13 hell hounds
  12 swamp drakes
  A cane toad skeleton (Crypt:3)
  14 ice beasts
  A snapping turtle zombie (Crypt:3)
  A water nymph skeleton (Crypt:1)
  41 orc warriors
  A sky beast (D:15)
  A meliai simulacrum (D:10)
  A black bear (shapeshifter) (Vaults:2)
  2 ettin simulacra
  5 phantoms
  4 black bears
  An ice beast (shapeshifter) (Vaults:5)
  35 ogres
  An eye of draining (shapeshifter) (Depths:2)
  9 boggarts
  5 necrophages
  A lindwurm skeleton (Crypt:3)
  9 eyes of draining
  21 centaurs
  10 wolves
  A dream sheep skeleton (Crypt:1)
  A manticore skeleton (Crypt:3)
  A rime drake skeleton (Crypt:3)
  A salamander zombie (Crypt:3)
  3 big kobolds
  A gnoll sergeant (D:8)
  15 bullfrogs
  A wyvern zombie (D:10)
  7 earth elementals
  6 scorpions
  2 troll zombies (D:12)
  2 wyvern skeletons
  Dowan (D:6)
  A polar bear zombie (Crypt:2)
  A killer bee (shapeshifter) (Vaults:2)
  2 spriggan zombies
  10 killer bees
  A troll skeleton (Crypt:3)
  7 howler monkeys
  A polar bear skeleton (Crypt:1)
  5 wights
  12 electric eels
  2 lava snakes (D:8)
  4 crimson imps
  A bullfrog zombie (D:5)
  7 starcursed masses
  9 quasits
  43 orc priests
  6 hounds
  2 iron imps (Abyss:1)
  4 jellies
  33 orc wizards
  4 iguanas
  Natasha (D:2)
  4 polar bear simulacra (Lair:3)
  14 worker ants
  A yak simulacrum (Lair:3)
  A killer bee zombie (D:8)
  2 wolf simulacra (Lair:3)
  4 ogre zombies (D:12)
  A felid skeleton (Crypt:2)
  An ogre skeleton (Crypt:2)
  A deep dwarf skeleton (Crypt:3)
  An acid dragon skeleton (Crypt:3)
  A mummy (D:9)
  A worker ant zombie (Crypt:1)
  2 howler monkey zombies
  8 adders
  15 gnolls
  A swamp drake zombie (Crypt:1)
  A swamp drake skeleton (Crypt:2)
  5 shadow imps
  8 white imps
  3 ufetubi
  7 oozes
  A worm (D:2)
  A worm (shapeshifter) (Depths:4)
  4 dart slugs
  6 leopard geckos
  127 orcs
  6 giant cockroaches
  5 goblins
  10 hobgoblins
  2 jackals
  6 quokkas
  A river rat zombie (Crypt:2)
  2 ball pythons
  7 bats
  8 frilled lizards
  A giant cockroach zombie (Crypt:1)
  A goblin zombie (D:12)
  4 hobgoblin skeletons (D:12)
  4 hobgoblin zombies (D:12)
  A jackal zombie (D:6)
  30 kobolds
  A leopard gecko skeleton (D:5)
  3 orc skeletons
  9 orc zombies (D:12)
  2 quokka zombies
  7 rats
  A rat zombie (Crypt:2)
  4 river rat simulacra (Lair:3)
  2 fire vortices (D:8)
2768 creatures vanquished.

Vanquished Creatures (collateral kills)
  An ancient lich (Zot:5)
  A juggernaut (Zig:5)
  A Killer Klown (Zot:5)
  A golden dragon (Zot:5)
  An Orb Guardian (Zot:5)
  An acid blob (Slime:5)
  An orc knight (Zig:5)
  A moth of wrath (Zot:5)
  A slime creature (Slime:5)
  A large abomination (Zig:4)
10 creatures vanquished.

Vanquished Creatures (others)
  A purple draconian (Zig:9)
  36 dancing weapons
  A glowing orange brain (Depths:4)
  A moth of wrath (Zot:1)
  4 bloated husks
  A swamp drake (Swamp:4)
  A killer bee (D:12)
  An orc (Vaults:1)
  8 ball lightnings (Depths:4)
  A fire vortex (D:8)
  20 foxfires
  65 fungi
  88 plants
  2 starspawn tentacles (Abyss:1)
  5 withered plants (Vaults:4)
235 creatures vanquished.

Grand Total: 3013 creatures vanquished

Notes
Turn   | Place    | Note
-------+----------+-------------------------------------------
     0 | D:1      | Amplified the Minotaur Earth Elementalist began the quest
                  | for the Orb.
     0 | D:1      | Reached XP level 1. HP: 14/14 MP: 1/1
   334 | D:1      | Reached XP level 2. HP: 22/22 MP: 3/3
   378 | D:1      | Reached skill level 1 in Fighting
   425 | D:1      | Reached skill level 1 in Armour
   492 | D:1      | Reached skill level 1 in Maces & Flails
  1349 | D:2      | Found an opulent altar of Gozag.
  1390 | D:2      | Became a worshipper of Gozag Ym Sagoz the Greedy
  1519 | D:2      | Noticed Natasha
  1579 | D:2      | Reached XP level 3. HP: 26/28 MP: 4/4
  1995 | D:2      | Learned a level 2 spell: Passwall
  2478 | D:2      | Reached skill level 2 in Armour
  2513 | D:2      | Reached XP level 4. HP: 24/36 MP: 5/5
  2517 | D:2      | Killed Natasha
  3375 | D:3      | Reached XP level 5. HP: 42/42 MP: 6/6
  3788 | D:2      | Reached skill level 3 in Armour
  4084 | D:4      | Found Modghoel's Weapon Shoppe.
  4087 | D:4      | Bought a +4 broad axe of freezing for 408 gold pieces
  4146 | D:4      | Reached skill level 1 in Axes
  4208 | D:4      | Reached XP level 6. HP: 50/52 MP: 7/7
  4618 | D:4      | Found a staircase to the Ecumenical Temple.
  4677 | D:5      | Entered Level 5 of the Dungeon
  4825 | D:5      | Noticed an ice beast
  4836 | D:5      | Killed an ice beast
  4837 | D:5      | Reached skill level 5 in Fighting
  4837 | D:5      | Reached XP level 7. HP: 38/61 MP: 8/8
  5092 | D:5      | Found a broken altar of Ashenzari.
  5124 | D:5      | Noticed a steam dragon
  5129 | D:5      | Noticed a steam dragon
  5138 | D:5      | Killed a steam dragon
  5139 | D:5      | Reached skill level 5 in Axes
  5140 | D:5      | Killed a steam dragon
  5651 | D:5      | Found a transporter.
  5654 | D:5      | Found a transporter.
  5654 | D:5      | Noticed viiviliisa's ghost (novice MiFi)
  5763 | D:5      | Reached XP level 8. HP: 68/69 MP: 9/9
  6451 | D:6      | Found a transporter.
  6947 | D:6      | Noticed Pereza0's ghost (novice TeSu)
  7095 | D:6      | Found a transporter.
  7156 | D:6      | Noticed Grinder
  7160 | D:6      | Gained mutation: You have sharp toenails. [potion of
                  | mutation]
  7160 | D:6      | Gained mutation: Your system is resistant to poisons.
                  | (rPois) [potion of mutation]
  7171 | D:6      | Killed Grinder
  7457 | D:6      | Noticed Dowan
  7458 | D:6      | Noticed Duvessa
  7461 | D:6      | Killed Dowan
  7462 | D:6      | Reached skill level 10 in Axes
  7466 | D:6      | Killed Duvessa
  8295 | D:5      | Killed viiviliisa's ghost
  8296 | D:5      | Reached XP level 9. HP: 55/74 MP: 10/10
  8396 | D:6      | Killed Pereza0's ghost
  8554 | D:7      | Found a flagged portal.
  8599 | Bailey   | Entered a bailey
  8730 | Bailey   | Found a bloodstained altar of Trog.
  8757 | Bailey   | Got a faintly glowing jade ring
  8779 | D:7      | Identified the ring "Utoep" {Str+6 Dex+3 Stlth-} (You found
                  | it in a bailey)
  9294 | D:7      | Found a blossoming altar of Fedhas.
  9294 | D:7      | Noticed Joseph
  9297 | D:7      | Found an iron altar of Okawaru.
  9301 | D:7      | Killed Joseph
  9413 | D:7      | Reached XP level 10. HP: 67/81 MP: 11/11
 10085 | D:8      | Reached skill level 15 in Axes
 10450 | D:8      | Reached skill level 1 in Shields
 10930 | D:8      | Found a sparkling altar of Nemelex Xobeh.
 10930 | D:8      | Found an opulent altar of Gozag.
 11133 | D:9      | Found Cajoriw's Magic Scroll Shoppe.
 11144 | D:9      | Bought a scroll of fear for 49 gold pieces
 11144 | D:9      | Bought a scroll of blinking for 105 gold pieces
 11144 | D:9      | Bought a scroll of enchant armour for 105 gold pieces
 11219 | D:9      | Found a shimmering altar of Xom.
 11225 | D:9      | Found a bloodstained altar of Trog.
 11227 | D:9      | Found a hide-covered altar of Uskayaw.
 11400 | D:9      | Found a basalt altar of Yredelemnul.
 11462 | D:9      | Found a snail-covered altar of Cheibriados.
 11768 | D:10     | Entered Level 10 of the Dungeon
 12051 | D:10     | Found Nitetua's Gadget Emporium.
 12054 | D:10     | Reached skill level 5 in Shields
 12062 | D:10     | Bought a condenser vane for 480 gold pieces
 12062 | D:10     | Bought a phantom mirror for 480 gold pieces
 12097 | D:10     | Killed an unseen horror
 12368 | D:10     | Reached XP level 11. HP: 88/88 MP: 12/12
 12768 | D:10     | Noticed Snorg
 12777 | D:10     | Killed Snorg
 13367 | D:11     | Noticed a cyan ugly thing
 13377 | D:11     | Killed a cyan ugly thing
 13464 | D:11     | Found a frozen archway.
 13861 | D:11     | Noticed a two-headed ogre
 13873 | D:11     | Killed a two-headed ogre
 13916 | D:11     | Found a staircase to the Lair.
 14539 | D:12     | Noticed Nessos
 14628 | D:12     | Reached XP level 12. HP: 83/94 MP: 13/13
 14644 | D:12     | Killed Nessos
 14905 | D:12     | Found a staircase to the Orcish Mines.
 15129 | D:12     | Noticed a two-headed ogre
 15134 | D:12     | Killed a two-headed ogre
 15668 | D:12     | Found Ozyulask's Gadget Shop.
 16032 | Orc:1    | Entered Level 1 of the Orcish Mines
 16448 | Orc:2    | Entered Level 2 of the Orcish Mines
 16547 | Orc:2    | Noticed an orc high priest
 16562 | Orc:2    | Killed an orc high priest
 16755 | Orc:2    | Found a runed translucent door.
 16756 | Orc:2    | Noticed Amplified's ghost (journeyman MiEE)
 16761 | Orc:2    | Found a staircase to the Elven Halls.
 16837 | Orc:2    | Noticed an orc high priest
 16837 | Orc:2    | Noticed an orc high priest
 16857 | Orc:2    | Killed an orc high priest
 16859 | Orc:2    | Killed an orc high priest
 16866 | Orc:2    | Reached skill level 4 in Armour
 16866 | Orc:2    | Noticed an orc high priest
 16866 | Orc:2    | Noticed an orc high priest
 16866 | Orc:2    | Noticed an orc high priest
 16936 | Orc:2    | Killed an orc high priest
 17212 | Orc:2    | Killed an orc high priest
 17216 | Orc:2    | Killed an orc high priest
 17217 | Orc:2    | Reached skill level 5 in Dodging
 17304 | Orc:2    | Reached XP level 13. HP: 94/104 MP: 14/14
 17483 | Orc:2    | Reached skill level 5 in Armour
 17575 | Orc:2    | Found Jeratan's Jewellery Shop.
 17575 | Orc:2    | Found Ana Asuy's Armour Shoppe.
 17927 | Orc:2    | Bought a +0 buckler of protection for 172 gold pieces
 17951 | Orc:2    | Bought a cursed amulet of the acrobat for 432 gold pieces
 18033 | Orc:2    | Found a roughly hewn altar of Beogh.
 18091 | Orc:2    | Found Ajoti's Armour Shop.
 18091 | Orc:2    | Found Loimes's Antique Weapon Shoppe.
 18105 | Orc:2    | Bought the +3 buckler of Articulation {rPois} for 307 gold
                  | pieces
 18125 | Orc:2    | Bought an ichor-stained war axe for 246 gold pieces
 18125 | Orc:2    | Bought a glowing broad axe for 203 gold pieces
 18125 | Orc:2    | Identified the +3 war axe "Gevunaok" {pain, Str+3} (You
                  | bought it in a shop on level 2 of the Orcish Mines)
 18844 | Orc:2    | Reached skill level 6 in Armour
 18960 | Orc:2    | Killed Amplified's ghost
 19058 | Lair:1   | Entered Level 1 of the Lair of Beasts
 19127 | Lair:1   | Bought the ring "Zyofonap" {rC+ Int+4 SInv} for 579 gold
                  | pieces
 19137 | Lair:1   | Bought a masterwork scale mail for 225 gold pieces
 19137 | Lair:1   | Bought a translucent scale mail for 225 gold pieces
 19137 | Lair:1   | Identified the +2 scale mail of Indecent Exposure {Regen+
                  | Dex-2 SInv} (You bought it in a shop on level 1 of the Lair
                  | of Beasts)
 19138 | Lair:1   | Identified the +8 scale mail "Bout" {rF+} (You bought it in
                  | a shop on level 1 of the Lair of Beasts)
 19207 | Lair:1   | Identified the +6 trident "Zekuymp" {flame, rF- Will- MP+9
                  | Dex+9}
 19208 | Lair:1   | Noticed kalagan's ghost (journeyman DECj)
 19419 | Lair:1   | Found a transporter.
 19426 | Lair:1   | Identified the +9 shortbow of Eternal Vigilance {venom,
                  | Dex+3 SInv}
 19431 | Lair:1   | Found a transporter.
 19448 | Lair:1   | Found a bloodstained altar of Trog.
 19539 | Lair:1   | Noticed Gastronok
 19549 | Lair:1   | Killed Gastronok
 19550 | Lair:1   | Reached skill level 7 in Armour
 19631 | Lair:1   | Found an ornate altar of the Wu Jian Council.
 19955 | Lair:1   | Killed kalagan's ghost
 20420 | Lair:2   | Reached skill level 8 in Armour
 20446 | Lair:2   | Found a staircase to the Swamp.
 20857 | Lair:2   | Found a hide-covered altar of Uskayaw.
 20857 | Lair:2   | Found an ornate altar of the Wu Jian Council.
 21723 | Lair:3   | Noticed Nergalle
 21743 | Lair:3   | Killed Nergalle
 21912 | Lair:3   | Reached skill level 10 in Fighting
 21919 | Lair:3   | Reached skill level 9 in Armour
 22074 | Lair:3   | Reached XP level 14. HP: 45/121 MP: 15/15
 22877 | Lair:4   | Noticed Rupert
 22879 | Lair:4   | Paralysed by Rupert for 4 turns
 22925 | Lair:4   | Paralysed by Rupert for 4 turns
 22938 | Lair:4   | Killed Rupert
 23153 | Lair:4   | Noticed Josephine
 23161 | Lair:4   | Killed Josephine
 23520 | Lair:4   | Reached skill level 10 in Armour
 23710 | Lair:4   | Found a hole to the Spider Nest.
 24333 | Lair:5   | Found a runed translucent door.
 24337 | Lair:5   | Found a viscous altar of Jiyva.
 24338 | Lair:5   | Found a staircase to the Slime Pits.
 24938 | Lair:6   | Entered Level 6 of the Lair of Beasts
 25055 | Lair:6   | Reached skill level 10 in Dodging
 25570 | Lair:6   | Reached skill level 11 in Armour
 27125 | D:13     | Found a large runed translucent door.
 27127 | D:13     | Found a large runed translucent door.
 27129 | D:13     | Found a large runed translucent door.
 27130 | D:13     | Found a large runed translucent door.
 27131 | D:13     | Found a large runed translucent door.
 27131 | D:13     | Found a large runed translucent door.
 27223 | D:13     | Reached XP level 15. HP: 53/134 MP: 16/16
 27774 | D:13     | Reached skill level 12 in Armour
 28015 | D:13     | Gained mutation: You are frail. (-10% HP) [a shining eye]
 28027 | D:13     | Lost mutation: You are frail. (-10% HP) [potion of
                  | mutation]
 28027 | D:13     | Lost mutation: You have sharp toenails. [potion of
                  | mutation]
 28027 | D:13     | Lost mutation: Your system is resistant to poisons. (rPois)
                  | [potion of mutation]
 28027 | D:13     | Gained mutation: You tend to lose your temper in combat.
                  | [potion of mutation]
 28027 | D:13     | Gained mutation: Your mind is acute. (Int +2) [potion of
                  | mutation]
 28027 | D:13     | Gained mutation: You have sharp toenails. [potion of
                  | mutation]
 28045 | D:13     | Lost mutation: You tend to lose your temper in combat.
                  | [potion of mutation]
 28045 | D:13     | Lost mutation: Your mind is acute. (Int +2) [potion of
                  | mutation]
 28045 | D:13     | Lost mutation: You have sharp toenails. [potion of
                  | mutation]
 28045 | D:13     | Gained mutation: You are strong-willed. (Will+) [potion of
                  | mutation]
 28045 | D:13     | Gained mutation: You are partially covered in slimy green
                  | scales. (AC +2) [potion of mutation]
 28175 | D:13     | Found a large runed translucent door.
 28217 | D:13     | Found a large runed translucent door.
 28473 | D:14     | Found Toap's General Store.
 28521 | D:14     | Bought a potion of haste for 150 gold pieces
 28521 | D:14     | Bought a scroll of fog for 30 gold pieces
 28521 | D:14     | Bought a scroll of magic mapping for 52 gold pieces
 29397 | D:14     | Found a gate to the Vaults.
 30007 | D:14     | Found a runed translucent door.
 30047 | D:14     | Reached skill level 13 in Armour
 30226 | D:14     | Got a masterwork ring mail
 30227 | D:14     | Identified the +0 ring mail of Indomitability {+Inv rF+
                  | Str+3} (You found it on level 14 of the Dungeon)
 30357 | D:14     | Identified the Papyrus of Damaging Stones
 30521 | D:15     | Entered Level 15 of the Dungeon
 30945 | D:15     | Found a glowing golden altar of the Shining One.
 31328 | D:15     | Found a staircase to the Depths.
 31638 | D:15     | Bought the +2 cloak of Disappointment {+Inv +Fly Will++
                  | Int-2} for 556 gold pieces
 31783 | Elf:1    | Entered Level 1 of the Elven Halls
 31804 | Elf:1    | Reached XP level 16. HP: 122/147 MP: 17/17
 31836 | Elf:1    | Reached skill level 14 in Armour
 31995 | Elf:1    | Noticed Frances
 32010 | Elf:1    | Killed Frances
 32225 | Elf:1    | Found Rurody's Magic Scroll Boutique.
 32233 | Elf:1    | Bought a scroll of teleportation for 39 gold pieces
 32233 | Elf:1    | Bought a scroll of teleportation for 39 gold pieces
 32233 | Elf:1    | Bought a scroll of teleportation for 39 gold pieces
 32233 | Elf:1    | Bought a scroll of enchant weapon for 97 gold pieces
 32908 | Elf:1    | Reached skill level 15 in Fighting
 32921 | Elf:1    | Identified the Guide on Creative Battle Magic
 33162 | Elf:2    | Identified Roxanne's Compendium of Transmutation
 33162 | Elf:2    | Noticed Roxanne
 33171 | Elf:2    | Found a runed translucent gate.
 33171 | Elf:2    | Found a runed translucent gate.
 33204 | Elf:2    | Found a runed translucent gate.
 33464 | Elf:2    | Got a glittering ivory ring
 33483 | Elf:2    | Identified the ring "Ufiannau" {Wiz +Fly rC+ Str+2} (You
                  | found it on level 2 of the Elven Halls)
 33614 | Elf:2    | Got a faintly humming leather armour
 33629 | Elf:2    | Identified the +0 leather armour of Ymeteaqi {rPois Will-
                  | Dex+4} (You found it on level 2 of the Elven Halls)
 34142 | Elf:3    | Entered Level 3 of the Elven Halls
 34149 | Elf:3    | Reached skill level 15 in Armour
 34305 | Elf:3    | Found Biuzuem's Armour Shop.
 34312 | Elf:3    | Bought a +2 pair of gloves of strength for 365 gold pieces
 34375 | Elf:3    | Found a portal to a secret trove of treasure.
 35280 | Elf:3    | Found a radiant altar of Vehumet.
 35444 | Elf:2    | Killed Roxanne
 35667 | Elf:2    | Reached XP level 17. HP: 107/158 MP: 18/18
 35776 | Elf:2    | Reached skill level 15 in Dodging
 35784 | Elf:2    | Reached skill level 16 in Armour
 36598 | Swamp:1  | Entered Level 1 of the Swamp
 37383 | Swamp:1  | Found an opulent altar of Gozag.
 37499 | Swamp:1  | You fall into a shaft and drop 1 floor!
 37555 | Swamp:2  | Noticed Donald
 37580 | Swamp:2  | Killed Donald
 39521 | Swamp:3  | Found a runed translucent door.
 39522 | Swamp:3  | Noticed suomimenusko's ghost (adept NaFi)
 39676 | Swamp:3  | Killed suomimenusko's ghost
 39677 | Swamp:3  | Reached skill level 17 in Armour
 40396 | Swamp:4  | Entered Level 4 of the Swamp
 40981 | Swamp:4  | Reached XP level 18. HP: 119/171 MP: 19/19
 41043 | Swamp:4  | Got a decaying rune of Zot
 41906 | Spider:1 | Entered Level 1 of the Spider Nest
 43223 | Elf:3    | Bought the ring of the Distant Future {*Drain rElec rC+
                  | Dex+6} for 812 gold pieces
 43374 | Elf:3    | Noticed a Brimstone Fiend
 43406 | Elf:3    | Identified the +11 dire flail "Zuklucwor" {protect, rF-
                  | Dex+4}
 43406 | Elf:3    | Identified the ring "Ufecudd" {*Contam rPois Int+5 Dex+6}
 43408 | Elf:3    | Identified the cursed +1 ring mail of Creativity {Rampage
                  | Int+3 Dex+4}
 43475 | Elf:3    | Reached skill level 18 in Armour
 43620 | Elf:3    | Identified the +4 ring mail of Riqumid {rC+}
 43947 | Elf:3    | Identified the cursed +1 long sword "Bycyhud" {pain, Will+}
 43947 | Elf:3    | Identified the amulet "Xaewator" {Acrobat Fragile Dex+8
                  | SInv}
 44404 | Elf:3    | Identified the Almanac of Feathers and Transmigration
 44423 | Elf:3    | Identified a scroll of acquirement
 44424 | Elf:3    | Identified the +2 pair of gloves "Rinong" {rF- rN++ Dex+3}
                  | (You found it on level 3 of the Elven Halls)
 44542 | Elf:3    | Acquired a manual of Earth Magic
 44654 | Elf:3    | Bought the ring of Zicsaakk {+Blink rPois rN+++ Will-
                  | Dex+4} for 651 gold pieces
 44654 | Elf:3    | Bought the ring of Divine Intervention {rF++ rC- rN+ MP+9}
                  | for 458 gold pieces
 44833 | Vaults:1 | Entered Level 1 of the Vaults
 44889 | Vaults:1 | Reached skill level 5 in Earth Magic
 45318 | Vaults:1 | Reached XP level 19. HP: 179/181 MP: 20/20
 45660 | Vaults:1 | Noticed Saint Roka
 45690 | Vaults:1 | Killed Saint Roka
 45691 | Vaults:1 | Reached skill level 10 in Earth Magic
 46711 | Vaults:1 | Found Vecolamo's Magic Scroll Boutique.
 47055 | Vaults:2 | Identified the +3 chain mail of Broken Taboos {rElec rF++
                  | Will+} (You found it on level 2 of the Vaults)
 47525 | Vaults:2 | Identified Sif Muna's Incunabulum of Sinister Magic
 47840 | Vaults:2 | Found Cehoc's Weapon Shoppe.
 48316 | Vaults:2 | Reached XP level 20. HP: 175/189 MP: 21/21
 48766 | Vaults:2 | Acquired the +0 hat of Courage {Slay+3}
 48912 | Vaults:1 | Bought a scroll of teleportation for 54 gold pieces
 48912 | Vaults:1 | Bought a scroll of teleportation for 54 gold pieces
 48912 | Vaults:1 | Bought a scroll of acquirement for 936 gold pieces
 48912 | Vaults:1 | Bought a scroll of teleportation for 54 gold pieces
 48912 | Vaults:1 | Bought a scroll of fog for 36 gold pieces
 48912 | Vaults:1 | Bought a scroll of fog for 36 gold pieces
 48912 | Vaults:1 | Bought a scroll of enchant armour for 135 gold pieces
 48912 | Vaults:1 | Bought a scroll of magic mapping for 63 gold pieces
 48912 | Vaults:1 | Acquired 635 gold pieces
 49273 | Vaults:3 | Found a glowing silver altar of Zin.
 49388 | Vaults:3 | Found a staircase to the Crypt.
 49407 | Vaults:3 | Found Goqostrew's Armour Shoppe.
 49505 | Vaults:3 | Found a flickering gateway to a bazaar.
 49564 | Vaults:3 | Acquired 731 gold pieces
 49760 | Bazaar   | Entered a bazaar
 49760 | Bazaar   | Found Adaedokk's Book Emporium.
 49775 | Bazaar   | Found Idatelis's Antique Weapon Boutique.
 49786 | Bazaar   | Found Usemuem's Antique Armour Emporium.
 49803 | Bazaar   | Found Qaces's Gadget Shoppe.
 49808 | Bazaar   | Bought a wand of acid (7) for 396 gold pieces
 49808 | Bazaar   | Bought a wand of acid (7) for 396 gold pieces
 49821 | Bazaar   | Bought a pair of glowing boots for 195 gold pieces
 49845 | Bazaar   | Bought a bloodstained broad axe for 306 gold pieces
 49845 | Bazaar   | Identified the +10 broad axe of Jaucsi {vorpal, *Slow
                  | +Blink rF- Int+5} (You bought it in a shop in a bazaar)
 49859 | Bazaar   | Bought a book of the Earth for 780 gold pieces
 49859 | Bazaar   | Bought a book of Hexes for 600 gold pieces
 50584 | Vaults:4 | Reached skill level 19 in Armour
 51044 | Vaults:4 | Found a runed translucent gate.
 51044 | Vaults:4 | Found a runed translucent gate.
 51044 | Vaults:4 | Found a runed translucent gate.
 51046 | Vaults:4 | Noticed Yjimoseergh's ghost (adept SpFE)
 51046 | Vaults:4 | Noticed Ecuzu's ghost (adept DsIE)
 52050 | Vaults:4 | Killed Yjimoseergh's ghost
 52052 | Vaults:4 | Killed Ecuzu's ghost
 52064 | Vaults:4 | Got a brightly glowing granite ring
 52072 | Vaults:4 | Identified the ring of the Establishment {*Slow rElec rN+++
                  | Will- Dex+6} (You found it on level 4 of the Vaults)
 52143 | Crypt:1  | Entered Level 1 of the Crypt
 52425 | Crypt:1  | Reached XP level 21. HP: 129/201 MP: 22/22
 52943 | Crypt:1  | Reached skill level 20 in Armour
 53126 | Crypt:1  | Noticed Mara
 53143 | Crypt:1  | Noticed Amplified's illusion
 53144 | Crypt:1  | Killed Mara
 53603 | Crypt:3  | Entered Level 3 of the Crypt
 54286 | Crypt:3  | Noticed Margery
 54303 | Crypt:3  | Killed Margery
 54905 | Crypt:3  | Found a staircase to the Tomb.
 55247 | Crypt:3  | Noticed an ancient lich
 55264 | Crypt:3  | Killed an ancient lich
 55529 | Crypt:3  | Noticed an ancient lich
 55546 | Crypt:3  | Killed an ancient lich
 55547 | Crypt:3  | Reached skill level 21 in Armour
 55565 | Crypt:3  | Got a warped bronze ring
 55565 | Crypt:3  | Got a warped brass ring
 55565 | Crypt:3  | Got a transparent brass ring
 55568 | Crypt:3  | Identified the ring of Rotosk {rN+ Dex+6} (You found it on
                  | level 3 of the Crypt)
 55569 | Crypt:3  | Identified the ring of Fisyih {rN+ Dex+2} (You found it on
                  | level 3 of the Crypt)
 55570 | Crypt:3  | Identified the ring "Soshroah" {rN+ Str+5 Int-3 Dex+3} (You
                  | found it on level 3 of the Crypt)
 56043 | Crypt:2  | Reached XP level 22. HP: 153/213 MP: 23/23
 56369 | Crypt:2  | Found the +5 scythe "Finisher" {speed, eviscerate}
 59500 | Elf:3    | You paid a toll of 4 scrolls of blinking to enter a
                  | treasure trove
 59501 | Trove    | Entered a treasure trove
 59522 | Trove    | Found the +8 mithril axe "Arga" {speed, Will+}
 59557 | Trove    | Got an ichor-stained battleaxe
 59615 | Trove    | Got a polished trident
 59620 | Trove    | Identified the +3 battleaxe of Sarigg {vorpal, *Contam
                  | rElec rC+++ Dex-3} (You found it in a treasure trove)
 60107 | Spider:3 | Found a transporter.
 60606 | Spider:3 | Found a transporter.
 60875 | Spider:3 | Learned a level 1 spell: Apportation
 60917 | Spider:3 | Got a brightly glowing glass ring
 60918 | Spider:3 | Identified the ring of Hakhotti {rF- Str+6 Int+2 Dex+5}
                  | (You found it on level 3 of the Spider Nest)
 60932 | Spider:3 | Got a twitching bone amulet
 61085 | Spider:4 | Entered Level 4 of the Spider Nest
 61771 | Spider:4 | Reached skill level 22 in Armour
 62122 | Spider:4 | Got a gossamer rune of Zot
 62581 | Depths:1 | Entered Level 1 of the Depths
 62940 | Depths:1 | Found a gateway to Hell.
 62971 | Depths:1 | Reached XP level 23. HP: 199/225 MP: 24/24
 63131 | Depths:1 | Identified the amulet "Joodeo" {Acrobat rF- Will+++ SInv}
                  | (You found it on level 3 of the Spider Nest)
 63292 | Depths:1 | Noticed Bai Suzhen
 63315 | Depths:1 | Killed Bai Suzhen
 63474 | Depths:1 | Noticed the Enchantress
 63491 | Depths:1 | Killed the Enchantress
 63806 | Depths:1 | Found a runed translucent door.
 63809 | Depths:1 | Noticed Waig's ghost (veteran MfCj)
 63902 | Depths:1 | Killed Waig's ghost
 64581 | Depths:2 | Found a gateway to a ziggurat.
 64751 | Depths:2 | Identified the +8 dagger "Votryf" {protect, Str+5}
 64761 | Depths:2 | Reached skill level 23 in Armour
 64809 | Depths:2 | Identified the Compendium of Evil Arts
 65009 | Depths:2 | Found a sparkling altar of Nemelex Xobeh.
 65102 | Depths:2 | Found a burning altar of Makhleb.
 65104 | Depths:2 | Found a one-way gate leading to the halls of Pandemonium.
 65650 | Depths:3 | Found a corrupted altar of Lugonu.
 65650 | Depths:3 | Found a one-way gate to the infinite horrors of the Abyss.
 65709 | Depths:3 | Noticed a caustic shrike
 65736 | Depths:3 | Killed a caustic shrike
 65749 | Depths:3 | Reached XP level 24. HP: 227/237 MP: 24/24
 65829 | Depths:3 | Found a magical portal.
 65846 | WizLab   | Entered Iskenderun's Mystic Tower
 66638 | WizLab   | Identified Iskenderun's Volume of Blows and Bruises
 66638 | WizLab   | Identified Iskenderun's Catalogue of Combat Magic
 66658 | WizLab   | Identified the Catalogue of Contamination and Unholy Magic
 67310 | Depths:3 | Found a shimmering blue altar of Sif Muna.
 67433 | Depths:3 | Identified Korry's Almanac of Companions
 67575 | Depths:4 | Noticed Mennas
 67601 | Depths:4 | Killed Mennas
 67602 | Depths:4 | Reached skill level 24 in Armour
 68146 | Depths:4 | Paralysed by a floating eye for 4 turns
 68910 | Depths:4 | Found the +3 hat of Pondering {ponderous, Will+ MP+10
                  | Int+5}
 68911 | Depths:4 | Found the +5 robe of Misfortune {*Contam Harm *Corrode
                  | *Drain *Slow EV+5}
 68957 | Depths:4 | Identified the Incunabulum of Poisonous Attacks
 69700 | Depths:5 | Entered Level 5 of the Depths
 70641 | Depths:5 | Reached XP level 25. HP: 234/249 MP: 24/24
 70724 | Depths:5 | Found a gate to the Realm of Zot.
 71232 | Depths:5 | Voluntarily entered the Abyss.
 71301 | Abyss:1  | Reached skill level 1 in Summonings
 71498 | Abyss:1  | Acquired a book of the Dragon
 71609 | Abyss:1  | Reached skill level 5 in Summonings
 71744 | Abyss:1  | Found an opulent altar of Gozag.
 72026 | Abyss:2  | Gained mutation: You are occasionally teleported next to
                  | monsters. [a neqoxec]
 72082 | Abyss:2  | Lost mutation: You are strong-willed. (Will+) [potion of
                  | mutation]
 72082 | Abyss:2  | Lost mutation: You are partially covered in slimy green
                  | scales. (AC +2) [potion of mutation]
 72082 | Abyss:2  | Lost mutation: You are occasionally teleported next to
                  | monsters. [potion of mutation]
 72082 | Abyss:2  | Gained mutation: Armour fits poorly on your strangely
                  | shaped body. [potion of mutation]
 72082 | Abyss:2  | Gained mutation: Your movements are slightly less
                  | encumbered by armour. (ER -2) [potion of mutation]
 72082 | Abyss:2  | Gained mutation: Your spells are a little harder to cast,
                  | but a little more powerful. [potion of mutation]
 72323 | Abyss:2  | Found a corrupted altar of Lugonu.
 72507 | Abyss:3  | Got an abyssal rune of Zot
 72548 | Depths:5 | Escaped the Abyss
 72564 | Depths:5 | Lost mutation: Your spells are a little harder to cast, but
                  | a little more powerful. [potion of mutation]
 72564 | Depths:5 | Gained mutation: Scrolls take you a little longer to read.
                  | [potion of mutation]
 72564 | Depths:5 | Gained mutation: You are robust. (+10% HP) [potion of
                  | mutation]
 72597 | Depths:5 | Lost mutation: Armour fits poorly on your strangely shaped
                  | body. [potion of mutation]
 72597 | Depths:5 | Gained mutation: You are weak. (Str -2) [potion of
                  | mutation]
 72597 | Depths:5 | Gained mutation: You are covered in fur. (AC +1) [potion of
                  | mutation]
 73005 | Vaults:5 | Entered Level 5 of the Vaults
 73042 | Vaults:5 | Reached skill level 10 in Summonings
 73147 | Vaults:5 | Gained mutation: You occasionally shout uncontrollably at
                  | your foes. [a shining eye]
 73150 | Vaults:5 | Gained mutation: Scrolls take you longer to read. [a
                  | shining eye]
 73176 | Vaults:5 | Noticed an ancient lich
 73186 | Vaults:5 | Killed an ancient lich
 73407 | Vaults:5 | Got a silver rune of Zot
 74155 | Vaults:5 | Reached XP level 26. HP: 275/283 MP: 24/24
 75189 | Vaults:5 | Identified the cursed +1 halberd "Geolau" {vorpal, Fragile
                  | +Rage rPois Will+++}
 75207 | Vaults:5 | Reached skill level 15 in Summonings
 75652 | Vaults:5 | Found the +9 sword of Zonguldrok {reap}
 75928 | Vaults:5 | Identified the cursed +0 scale mail of Onwiabab {+Fly rF+
                  | rC- Int+2} (You found it on level 5 of the Vaults)
 76408 | Slime:1  | Entered Level 1 of the Pits of Slime
 77599 | Slime:5  | Entered Level 5 of the Pits of Slime
 77623 | Slime:5  | Gained mutation: Your magical capacity is low. (-10% MP) [a
                  | shining eye]
 77658 | Slime:5  | Gained mutation: Potions are less effective at restoring
                  | your health. [a shining eye]
 77661 | Slime:5  | Lost mutation: You are weak. (Str -2) [a shining eye]
 77812 | Slime:5  | Gained mutation: You sometimes yell uncontrollably at your
                  | foes. [a shining eye]
 77894 | Slime:5  | Gained mutation: Your spells are a little easier to cast,
                  | but a little less powerful. [a shining eye]
 77896 | Slime:5  | Gained mutation: You are clumsy. (Dex -2) [a shining eye]
 77902 | Slime:5  | Lost mutation: You are robust. (+10% HP) [a shining eye]
 77968 | Slime:5  | Lost mutation: You sometimes yell uncontrollably at your
                  | foes. [potion of mutation]
 77968 | Slime:5  | Lost mutation: Your magical capacity is low. (-10% MP)
                  | [potion of mutation]
 77968 | Slime:5  | Lost mutation: You are clumsy. (Dex -2) [potion of
                  | mutation]
 77968 | Slime:5  | Gained mutation: You do not regenerate when monsters are
                  | visible. [potion of mutation]
 77968 | Slime:5  | Gained mutation: Your spells are easier to cast, but less
                  | powerful. [potion of mutation]
 77968 | Slime:5  | Gained mutation: You are partially covered in large bone
                  | plates. (SH +4) [potion of mutation]
 77969 | Slime:5  | Lost mutation: You occasionally shout uncontrollably at
                  | your foes. [potion of mutation]
 77969 | Slime:5  | Lost mutation: Your spells are easier to cast, but less
                  | powerful. [potion of mutation]
 77969 | Slime:5  | Lost mutation: Your spells are a little easier to cast, but
                  | a little less powerful. [potion of mutation]
 77969 | Slime:5  | Lost mutation: Scrolls take you longer to read. [potion of
                  | mutation]
 77969 | Slime:5  | Gained mutation: Your magical capacity is low. (-10% MP)
                  | [potion of mutation]
 77969 | Slime:5  | Gained mutation: You evolve. [potion of mutation]
 77970 | Slime:5  | Lost mutation: Your magical capacity is low. (-10% MP)
                  | [potion of mutation]
 77970 | Slime:5  | Lost mutation: Scrolls take you a little longer to read.
                  | [potion of mutation]
 77970 | Slime:5  | Lost mutation: You evolve. [potion of mutation]
 77970 | Slime:5  | Gained mutation: You are weak. (Str -2) [potion of
                  | mutation]
 77970 | Slime:5  | Lost mutation: You are partially covered in large bone
                  | plates. (SH +4) [potion of mutation]
 77970 | Slime:5  | Gained mutation: You have a pair of large horns on your
                  | head. [potion of mutation]
 77971 | Slime:5  | Lost mutation: Potions are less effective at restoring your
                  | health. [potion of mutation]
 77971 | Slime:5  | Lost mutation: You have a pair of large horns on your head.
                  | [potion of mutation]
 77971 | Slime:5  | Lost mutation: You are weak. (Str -2) [potion of mutation]
 77971 | Slime:5  | Gained mutation: You are clumsy. (Dex -2) [potion of
                  | mutation]
 77971 | Slime:5  | Gained mutation: You have an increased reservoir of magic.
                  | (+10% MP) [potion of mutation]
 77971 | Slime:5  | Gained mutation: You have supernaturally acute eyesight.
                  | (SInv) [potion of mutation]
 77977 | Slime:5  | Lost mutation: You do not regenerate when monsters are
                  | visible. [potion of mutation]
 77977 | Slime:5  | Lost mutation: You are clumsy. (Dex -2) [potion of
                  | mutation]
 77977 | Slime:5  | Lost mutation: You have supernaturally acute eyesight.
                  | (SInv) [potion of mutation]
 77977 | Slime:5  | Gained mutation: You are somewhat resistant to further
                  | mutation. [potion of mutation]
 77977 | Slime:5  | Gained mutation: You have supernaturally acute eyesight.
                  | (SInv) [potion of mutation]
 77981 | Slime:5  | Found a viscous altar of Jiyva.
 77982 | Slime:5  | Noticed the Royal Jelly
 77994 | Slime:5  | Killed the Royal Jelly
 78298 | Slime:5  | Found the +3 Elemental Staff {rElec rF++ rC++ Will++ AC+5}
 78313 | Slime:5  | Got a vibrating pewter amulet
 78314 | Slime:5  | Identified the amulet of Nejann {RegenMP Will+ SInv} (You
                  | found it on level 5 of the Pits of Slime)
 78317 | Slime:5  | Got a slimy rune of Zot
 78368 | Slime:5  | Got a pitted brass ring
 78520 | Slime:5  | Identified the ring of Ymyare Cel {MP+9 Stlth+} (You found
                  | it on level 5 of the Pits of Slime)
 78521 | Slime:5  | Identified the +1 lajatang of Gallantry {protect, +Rage rF+
                  | Will- Dex+3} (You found it on level 5 of the Pits of Slime)
 79016 | Zot:1    | Entered Level 1 of the Realm of Zot
 79043 | Zot:1    | Reached XP level 27. HP: 170/230 MP: 26/26
 79389 | Zot:1    | Reached skill level 25 in Armour
 81239 | Depths:2 | Learned a level 6 spell: Shadow Creatures
 81242 | Zig:1    | Entered Level 1 of a ziggurat
 81260 | Zig:2    | Entered Level 2 of a ziggurat
 81276 | Zig:2    | Identified the ring "Satwedic" {rN+ Str+5} (You found it on
                  | level 2 of a ziggurat)
 81282 | Zig:3    | Entered Level 3 of a ziggurat
 81307 | Zig:3    | Identified the cursed +1 chain mail of Dufe {Harm Str-4
                  | Int+6} (You found it on level 3 of a ziggurat)
 81321 | Zig:4    | Entered Level 4 of a ziggurat
 81539 | Zig:5    | Entered Level 5 of a ziggurat
 81539 | Zig:5    | Noticed a juggernaut
 81560 | Zig:5    | Killed a juggernaut
 81923 | Zig:6    | Entered Level 6 of a ziggurat
 81982 | Zig:7    | Entered Level 7 of a ziggurat
 82077 | Zig:7    | Identified the Almanac of Excruciating Darkness
 82331 | Zig:8    | Entered Level 8 of a ziggurat
 82342 | Zig:8    | Noticed Waedoup the pandemonium lord
 82345 | Zig:8    | Gained mutation: Armour fits poorly on your strangely
                  | shaped body. [a cacodemon]
 82349 | Zig:9    | Entered Level 9 of a ziggurat
 82696 | Zig:9    | Identified the Catalogue of Evil and Weightlessness
 82755 | Zig:10   | Entered Level 10 of a ziggurat
 82768 | Zig:10   | Noticed Deyl the pandemonium lord
 82782 | Zig:10   | Killed Deyl the pandemonium lord
 84062 | Zot:4    | Reached skill level 26 in Armour
 84936 | Zot:4    | Identified the cursed +0 scale mail of Boiling Hail
                  | {Rampage rPois Str+3 Int-5} (You found it on level 4 of the
                  | Realm of Zot)
 84971 | Zot:5    | Entered Level 5 of the Realm of Zot
 85690 | Zot:5    | Noticed an ancient lich
 85709 | Zot:5    | Killed an ancient lich
 85824 | Zot:5    | Noticed an ancient lich
 85838 | Zot:5    | Killed an ancient lich
 85864 | Zot:5    | Noticed an orb of fire
 85899 | Zot:5    | Killed an orb of fire
 85900 | Zot:5    | Reached skill level 27 in Armour
 86167 | Zot:5    | Identified the ring "Yxujeit" {rPois Dex+6}
 86206 | Zot:5    | Noticed an ancient lich
 86222 | Zot:5    | Killed an ancient lich
 86654 | Zot:5    | Got the Orb of Zot
 87011 | D:11     | Gained mutation: Potions are less effective at restoring
                  | your health. [a neqoxec]
 87182 | D:1      | Lost mutation: Your movements are slightly less encumbered
                  | by armour. (ER -2) [potion of mutation]
 87182 | D:1      | Lost mutation: Potions are less effective at restoring your
                  | health. [potion of mutation]
 87183 | D:1      | Lost mutation: You have an increased reservoir of magic.
                  | (+10% MP) [potion of mutation]
 87183 | D:1      | Lost mutation: You are somewhat resistant to further
                  | mutation. [potion of mutation]
 87183 | D:1      | Gained mutation: Potions are less effective at restoring
                  | your health. [potion of mutation]
 87183 | D:1      | Gained mutation: You are clumsy. (Dex -2) [potion of
                  | mutation]
 87183 | D:1      | Gained mutation: You expend magic power (3 MP) to
                  | strengthen your wands. [potion of mutation]
 87184 | D:1      | Lost mutation: Potions are less effective at restoring your
                  | health. [potion of mutation]
 87184 | D:1      | Lost mutation: Armour fits poorly on your strangely shaped
                  | body. [potion of mutation]
 87184 | D:1      | Lost mutation: You expend magic power (3 MP) to strengthen
                  | your wands. [potion of mutation]
 87184 | D:1      | Lost mutation: You are clumsy. (Dex -2) [potion of
                  | mutation]
 87184 | D:1      | Gained mutation: Your flesh is cold resistant. (rC+)
                  | [potion of mutation]
 87184 | D:1      | Gained mutation: You have sharp toenails. [potion of
                  | mutation]
 87185 | D:1      | Lost mutation: You have sharp toenails. [potion of
                  | mutation]
 87185 | D:1      | Lost mutation: You have supernaturally acute eyesight.
                  | (SInv) [potion of mutation]
 87185 | D:1      | Gained mutation: You are robust. (+10% HP) [potion of
                  | mutation]
 87185 | D:1      | Gained mutation: You occasionally shout uncontrollably at
                  | your foes. [potion of mutation]
 87185 | D:1      | Gained mutation: Your mind is acute. (Int +2) [potion of
                  | mutation]
 87185 | D:1      | Gained mutation: You have sharp fingernails. [potion of
                  | mutation]
 87186 | D:1      | Lost mutation: You occasionally shout uncontrollably at
                  | your foes. [potion of mutation]
 87186 | D:1      | Lost mutation: You are robust. (+10% HP) [potion of
                  | mutation]
 87186 | D:1      | Gained mutation: Your magical capacity is low. (-10% MP)
                  | [potion of mutation]
 87186 | D:1      | Gained mutation: You have large cloven feet. [potion of
                  | mutation]
 87187 | D:1      | Lost mutation: Your magical capacity is low. (-10% MP)
                  | [potion of mutation]
 87187 | D:1      | Lost mutation: Your flesh is cold resistant. (rC+) [potion
                  | of mutation]
 87187 | D:1      | Lost mutation: Your mind is acute. (Int +2) [potion of
                  | mutation]
 87187 | D:1      | Gained mutation: You possess an exceptional clarity of
                  | mind. [potion of mutation]
 87187 | D:1      | Gained mutation: You are robust. (+10% HP) [potion of
                  | mutation]
 87189 | D:$      | Escaped with the Orb!

Illustrated notes

Levels and vault maps discovered:
D:1:      psy_arrival_fountain, layout_basic, minmay_misc_feat_alley
D:2:      layout_basic, minmay_misc_feat_four_crosses, grunt_ministairs_9,
          wad_floor_pattern_1, grunt_gozag_breadcrumbs, uniq_natasha
D:3:      layout_loops_ring
D:4:      layout_loops_cross, minmay_temple_entry_wispy, serial_shops,
          shop_statue, kennysheep_generic_room_4
D:5:      kennysheep_steamy, layout_layer_cave, gammafunk_ghost_arena,
          nicolae_ashenzari_panopticon
D:6:      layout_loops_cross, gammafunk_ghost_stat_death, chequers_jeans,
          uniq_duvessa, uniq_grinder
D:7:      layout_basic, gammafunk_temple_overflow_statue, enter_bailey_3,
          uniq_joseph
D:8:      layout_rooms, grunt_temple_overflow_opulence, serial_bayou,
          serial_bayou_lake_a, serial_bayou_lagoon_b, serial_bayou_pond_e,
          serial_bayou_pond_c, hangedman_incinerator
D:9:      layout_roguey, gammafunk_temple_overflow_forgotten, slow_altar_2,
          kennysheep_mini_moat, serial_shops, shop
D:10:     layout_loops_corners, serial_ice, serial_ice_k, serial_ice_h,
          serial_ice_c, serial_ice_g, serial_shops, nicolae_shop_crystal,
          uniq_snorg
D:11:     layout_basic, due_lair_maze_entry_diamond,
          portal_ice_cave_entry_ice_beasts, nrook_mini_vaults
D:12:     layout_irregular_city, zombieorc1_lemuel, serial_shops, shop,
          uniq_nessos
D:13:     minmay_five_octagons, layout_irregular_city
D:14:     mludivico_vault, layout_irregular_city,
          skrybe_vaults_entry_preservation, serial_shops, shop_fountains,
          nrook_uturn
D:15:     hangedman_depths_entry_civil_slaughter, layout_irregular_city,
          minmay_misc_feat_columns, tso_metal_star
Lair:1:   layout_long_grid, gammafunk_ghost_wrathful_warriors,
          amcnicky_altar_gilded, grunt_megastairs_3, serial_bayou_shore_b,
          lemuel_fruit_tree, uniq_gastronok
Lair:2:   layout_gridlike, palyth_hydra_swamp_entry, st_stairs_12,
          nzn_masters_of_martial_movement, lemuel_fruit_fields
Lair:3:   layout_cellular_growth, fungi_pond_lemuel, eino_house_with_fridge,
          infiniplex_staircase_pool, uniq_nergalle
Lair:4:   layout_cave_pods, dummy_spider_entry, uniq_josephine, uniq_rupert
Lair:5:   layout_small_grid, slime_altar_2
Lair:6:   grunt_lair_end_beastmaster, layout_long_grid
Swamp:1:  layout_basic_swamp, nicolae_swamp_feature_on_the_river_bank,
          swamp_pool5, lemuel_altar_in_water2
Swamp:2:  layout_falls_marsh, evilmike_swamp_ruin_house_2, swamp_pool3,
          uniq_donald
Swamp:3:  nzn_winding_woodlands_three_and_one
          [nzn_winding_woodlands_5x15_pockets,
          nzn_winding_woodlands_5x15_crooked, nzn_winding_woodlands_5x15_jagged,
          nzn_winding_woodlands_center_triple_pond], layout_basic_swamp,
          ebering_ghost_inner_flame, hangedman_swamp_ruin_hall
Swamp:4:  swamp, layout_basic_swamp, swamp_pool1, hangedman_swamp_cone,
          infiniplex_staircase_pool_2
Spider:1: layout_spider_delve
Spider:2: layout_chambers
Spider:3: gammafunk_its_a_trap, nicolae_spider_stair_cavern,
          hangedman_spider_tarantella_strand
Spider:4: spider_rune_water
Slime:1:  layout_caves
Slime:2:  layout_caves
Slime:3:  layout_caves
Slime:4:  layout_caves
Slime:5
Orc:1:    layout_caves
Orc:2:    st_orc_town, layout_diamond_mine, gammafunk_ghost_grave
Elf:1:    eino_elf_arrival_the_gate, layout_geoelf_octagon, serial_shops,
          nicolae_shop_crystal, minmay_elf_sorcery, nicolae_elf_big_sculpture_2,
          st_stairs_7, moated_statue, minivault_23,
          serial_sigils_hangedman_quiver, uniq_frances
Elf:2:    layout_onion_city, david_greed, uniq_roxanne
Elf:3:    elf_hall, layout_loops_corners, nicolae_trove_entry_crystal,
          serial_shops, shop, minivault_25_ag, lemuel_statue_altar
Vaults:1: vaults_dpeg_hooks, v_misc_4, hangedman_vaults_cutoff,
          nicolae_vaults_little_squares_2, vaults_room_hallway,
          vaults_mumra_minichess_inversion, nicolae_vaults_mini_display_case,
          nicolae_vaults_meeting, v_alt_pattern_3,
          nicolae_vaults_inception_scallops, hangedman_vaults_unwind,
          nicolae_vaults_gold_heap, dpeg_vaults_monster_box,
          layout_vaults_omnicross, serial_shops, shop, uniq_saint_roka
Vaults:2: hangedman_vaults_stagger, kb_rosetta, nicolae_vaults_specimen_jars,
          nicolae_vaults_windows_and_doors_thing, v_misc_10, grunt_vaults_focal,
          v_misc_3, hangedman_vaults_slice, hangedman_vaults_trim,
          layout_vaults_quadrants, serial_shops, shop_statue
Vaults:3: ontoclasm_vaults_eye, minmay_crypt_entry_simple_box, v_pattern_4,
          ontoclasm_vaults_bender, hangedman_vaults_stitches, v_misc_16,
          v_alt_pattern_1, ontoclasm_vaults_hangar, vaults_room_pool, v_misc_30,
          vaults_room_door_ring, vaults_dpeg_diagonal, hangedman_vaults_impose,
          ontoclasm_vaults_fault, layout_vaults_omnibox, serial_shops,
          bzr_entry_road, nicolae_shop_temple_entry_statues_fountains,
          basic_altar
Vaults:4: gammafunk_vaults_ghost_cemetery, nicolae_vaults_hallways_thing,
          nicolae_vaults_yaktaur_gun_rack, v_alt_pattern_6,
          hangedman_vaults_stretched_pinwheel, ontoclasm_vaults_decontamination,
          dpeg_vaults_monster_row, nicolae_vaults_asterisk, v_alt_pattern_6,
          ontoclasm_vaults_twist, layout_vaults_maze_snakey
Vaults:5
Crypt:1:  minmay_shadows, layout_chaotic_city, st_stairs_12, uniq_mara
Crypt:2:  hangedman_hall_of_fallen_heroes, layout_regular_city
Crypt:3:  david_glass_crypt, layout_chaotic_city, tomb_entry_simple_bobbens,
          uniq_margery
Depths:1: layout_forbidden_donut, hellmouth_2, ebering_ghost_inner_flame,
          minmay_parallelograms, grunt_ministairs_12, abandoned_shop,
          minmay_protected_statue, uniq_enchantress, uniq_bai_suzhen
Depths:2: minmay_the_grid_octo_tiled_squarecenter_mashed
          [minmay_the_grid_octo_vomiting_pacman, minmay_the_grid_octo_odd_swirl,
          minmay_the_grid_octo_pinwheel, minmay_the_grid_octo_chip,
          minmay_the_grid_square_5x5_megaprize_crossed,
          minmay_the_grid_square_5x5_n, minmay_the_grid_square_5x5_checkered,
          minmay_the_grid_square_5x5_empty,
          minmay_the_grid_square_5x5_gyroscope], layout_cave_pools,
          enter_ziggurat_a, kennysheep_minor_cross, pan_entry,
          hangedman_geh_valley
Depths:3: kennysheep_big_flooded_room, layout_cave_pools,
          rand_demon_pan_entry_5, infiniplex_enter_wizlab_glasses,
          abyss_entry_flame_altar, pf_hell_entry_tar_river,
          hangedman_summoners_spam, minmay_staircase_bubble,
          serial_bayou_shore_b
Depths:4: radiant_caverns_b_rkd, serial_shops, hell_entry, abyss_entry,
          uniq_mennas
Depths:5: evilmike_zot_entry_basic, layout_gridlike, abyss_entry_glasseish,
          nicolae_benzene_ring, hellmouth_1
Zot:1:    kennysheep_blocky_hall, layout_cathedral_of_symmetry
Zot:2:    layout_cathedral_of_symmetry
Zot:3:    layout_concentric_octagons
Zot:4:    lemuel_draconian_sentries_small, layout_gridlike
Zot:5:    layout_cellular_growth

Skill      XL: |  1  2  3  4  5  6  7  8  9 10 11 12 13 14 15 16 17 18 19 20 21 22 23 24 25 26 27 |
---------------+----------------------------------------------------------------------------------+-----
Fighting       | 1 2 3 5 6 10 12 14 16 17 18 20 21 22 23 25 26 | 26.9
Armour         | 1 2 3 4 9 11 13 15 17 18 19 21 22 23 24 27 | 27.0
Maces & Flails | 1 2 |  2.8
Dodging        | 3 5 8 11 13 14 16 17 18 19 20 22 23 26 | 26.7
Axes           | 2 3 7 11 14 16 18 20 | 20.2
Shields        | 5 9 |  9.3
Earth Magic    | 6 13 14 | 14.0
Summonings     | 13 16 | 16.9
Stealth        | |  1.5
Spellcasting   | |  1.3
Transmutations | |  0.7

Action                   |  1- 3 |  4- 6 |  7- 9 | 10-12 | 13-15 | 16-18 | 19-21 | 22-24 | 25-27 || total
-------------------------+-------+-------+-------+-------+-------+-------+-------+-------+-------++-------
Melee: Club              |    68 |       |       |       |       |       |       |       |       ||    68
       Unarmed           |     4 |       |       |       |       |       |       |       |       ||     4
       Headbutt          |    11 |    21 |    32 |    83 |   181 |   240 |   555 |   775 |   936 ||  2834
       Whip              |    36 |   102 |       |       |       |       |       |       |       ||   138
       Broad axe         |       |    50 |   210 |   495 |  1061 |  1116 |  1338 |  1896 |  2248 ||  8414
Throw: Throwing net      |       |       |       |       |       |       |       |       |     2 ||     2
 Cast: Sandblast         |    18 |       |       |       |       |       |       |       |       ||    18
       Apportation       |       |       |       |       |       |       |       |     2 |       ||     2
       Shadow Creatures  |       |       |       |       |       |       |       |       |     3 ||     3
Invok: Call Merchant     |       |       |       |       |     3 |     2 |       |     1 |       ||     6
       Potion Petition   |       |       |       |       |     1 |     2 |     3 |     2 |    10 ||    18
       Bribe Branch      |       |       |       |       |       |       |       |       |     1 ||     1
 Abil: Evoke Flight      |       |       |       |       |       |       |       |     1 |     2 ||     3
Evoke: Wand              |       |       |       |    24 |     2 |    10 |     2 |     5 |    12 ||    55
       Condenser vane    |       |       |       |     2 |     1 |     3 |     3 |     2 |     2 ||    13
       Phantom mirror    |       |       |       |       |     1 |     2 |       |     1 |     3 ||     7
  Use: Scroll            |     7 |     5 |    11 |    15 |    15 |    20 |    12 |    11 |    27 ||   123
       Potion            |     5 |       |    14 |     5 |     7 |     8 |     7 |     6 |    28 ||    80
 Stab: Sleeping          |     5 |       |       |       |       |       |       |       |       ||     5
       Distracted        |       |     1 |     2 |     4 |     5 |     8 |    15 |    38 |    35 ||   108
       Paralysed         |       |       |       |     5 |       |       |       |       |       ||     5
       Confused          |       |       |       |     5 |       |       |    10 |     3 |    15 ||    33
       Invisible         |       |       |       |       |     2 |     2 |       |       |    35 ||    39
       Held in net/web   |       |       |       |       |       |       |       |       |     4 ||     4
Armor: Robe              |    14 |       |       |       |       |       |       |       |       ||    14
       Scale mail        |    11 |    72 |   132 |   183 |   273 |   342 |   194 |   225 |   100 ||  1532
       Skin              |    10 |       |    21 |     4 |       |       |       |       |       ||    35
       Leather armour    |       |       |       |       |       |       |       |       |    25 ||    25
       Chain mail        |       |       |       |       |       |       |       |       |   158 ||   158
Dodge: Dodged            |    79 |    98 |   137 |   222 |   405 |   589 |   811 |  1075 |  1188 ||  4604
Block: Buckler           |       |       |       |   105 |   295 |   330 |   460 |   551 |   648 ||  2389
